 Dungeon Crawl Stone Soup version 0.25-a0-458-g6fc7858b95 (webtiles) character file.

Game seed: 90219419276950574, levelgen mode: deterministic

39 funkygono the Magician (level 3, -10/19 HPs)
             Began as a Deep Elf Wizard on Feb 1, 2020.
             Engulfed by a cloud of flame (29 damage)
             ... on level 1 of the Dungeon.
             The game lasted 00:04:37 (1863 turns).

funkygono the Magician (Deep Elf Wizard)            Turns: 1863, Time: 00:04:37

Health: -10/19     AC:  2    Str:  4    XL:     3   Next: 28%
Magic:  15/21      EV: 13    Int: 23    God:
Gold:   37         SH:  0    Dex: 13    Spells: 5/13 levels left

rFire    . . .     SeeInvis .   e - +0 dagger
rCold    . . .     Gourm    .   (no shield)
rNeg     . . .     Faith    .   a - +0 robe
rPois    .         Spirit   .   b - +0 hat
rElec    .         Reflect  .   (no cloak)
rCorr    .         Harm     .   (no gloves)
MR       .....                  (no boots)
Stlth    ++........             (no amulet)
HPRegen  0.06/turn              i - ring of magical power
MPRegen  0.17/turn              (no ring)

@: no status effects
A: no striking features
a: no special abilities


You were on level 1 of the Dungeon.
You were not hungry.

You visited 1 branch of the dungeon, and saw 1 of its levels.

You collected 37 gold pieces.

Inventory:

Hand Weapons
 e - a +0 dagger (weapon)
Missiles
 c - 49 stones (quivered)
Armour
 a - a +0 robe (worn)
 b - a +0 hat (worn)
Jewellery
 i - a ring of magical power (left hand)
Scrolls
 f - 2 scrolls of enchant armour {unknown}
 h - a scroll of amnesia {unknown}
 j - 3 scrolls of identify {unknown}
 l - a scroll of teleportation {unknown}
Potions
 g - a potion of berserk rage {unknown}
 m - a potion of heal wounds {unknown}
Comestibles
 d - a ration


   Skills:
 * Level 2.5 Dodging
 * Level 2.6 Stealth
 * Level 5.5 Spellcasting
 * Level 1.8 Conjurations
 * Level 0.6 Hexes
   Level 1.1 Summonings
 + Level 1.1 Translocations


You had 5 spell levels left.
You knew the following spells:

 Your Spells              Type           Power        Failure   Level  Hunger
a - Magic Dart            Conj           ##..         4%          1    None
b - Slow                  Hex            #.......     11%         2    None
c - Blink                 Tloc           N/A          9%          2    None
d - Conjure Flame         Conj/Fire      ##......     19%         3    ##.....

Your spell library contained the following spells:

 Spells                   Type           Power        Failure   Level  Hunger
 Call Imp                 Summ           ##......     9%          2    None
 Mephitic Cloud           Conj/Pois/Air  #.......     21%         3    ##.....


Dungeon Overview and Level Annotations

Branches:
Dungeon (1/15)

Altars:


Message History

Confirm with . or Enter, or press ? or * to list all spells.
Aiming: Magic Dart (safe; 4% risk of failure)
Press: ? - help, Shift-Dir - straight line, f/p - ooze
Aim: an ooze (almost dead, slow)
The magic dart hits the ooze.
You kill the ooze!
You start resting.
Magic restored.
An ooze comes into view.
The ooze quivers.
Found a robe.
Casting: Magic Dart (safe; 4% risk of failure)
Confirm with . or Enter, or press ? or * to list all spells.
The fire begins to smolder!
All of the chunks of flesh in your inventory have rotted away.
Casting: Conjure Flame (safe; 19% risk of failure)
Confirm with . or Enter, or press ? or * to list all spells.
The fire ignites!
You are engulfed in blazing flames.
Ouch! That really hurt!
You die...

......#
#.........##.≈≈...
..##### ..≈..
###.########§§≈...
..##### ..§..##
#)########.§§§.. ......#
..≈§... #......##..§≈...
.###### ..§....
#....<.##..§≈... .###.##
..≈.... #......##..§§...
.##.#.# [.≈≈..J
#########§.§§§.. .#.####
..≈§≈≈.##########.≈≈§§..
>.##..#
..≈§≈≈.@..........≈≈≈...
.#..#)#
..≈≈§≈§≈≈...§...≈≈≈≈§...
....#.#
....§≈§§§§§§...≈≈≈≈≈≈...
..##.##
....§§§§§§≈§≈§§≈≈≈≈≈≈...
...####
....§.....≈≈≈§§§≈.......
.##.#.#
..........§...§.........
.###.##
########################
.# ### #.# #.#.###.# '##
#.#### #.##.#..# #


You could see an ooze.

Vanquished Creatures
  An ooze (D:1)
  2 leopard geckos (D:1)
  3 giant cockroaches (D:1)
  7 goblins (D:1)
  4 hobgoblins (D:1)
  4 kobolds (D:1)
  2 bats (D:1)
  3 frilled lizards (D:1)
  5 rats (D:1)
31 creatures vanquished.

Notes
Turn   | Place    | Note
-------+----------+-------------------------------------------
     0 | D:1      | funkygono the Deep Elf Wizard began the quest for the Orb.
     0 | D:1      | Reached XP level 1. HP: 10/10 MP: 7/7
   276 | D:1      | Reached XP level 2. HP: 15/15 MP: 5/9
   280 | D:1      | Learned a level 2 spell: Slow
   283 | D:1      | Learned a level 2 spell: Blink
   457 | D:1      | Reached skill level 5 in Spellcasting
  1123 | D:1      | Reached XP level 3. HP: 18/19 MP: 7/12
  1148 | D:1      | Learned a level 3 spell: Conjure Flame
  1863 | D:1      | Engulfed by a cloud of flame

Levels and vault maps discovered:
D:1:      erik_arrival_gehennom, layout_loops_corners, nrook_mini_backslash

Skill      XL: |  1  2 |
---------------+-------+-----
Spellcasting   | 5 |  5.5
Dodging        | |  2.5
Stealth        | |  2.6
Conjurations   | |  1.8
Hexes          | |  0.6
Summonings     | |  1.1
Translocations | |  1.1

Action                   || total
-------------------------++-------
Melee: Dagger            ||    13
 Cast: Magic Dart        ||    76
       Slow              ||    23
       Blink             ||     1
       Conjure Flame     ||     6
  Eat: Ration            ||     1
       Chunk             ||     1
Armor: Robe              ||     9
Dodge: Dodged            ||    22

Table legend:
 A = Non-vault XP
 B = Vault XP
 C = Vault XP percentage of total XP
 D = Non-vault monster count
 E = Vault monster count
 F = Vault count percentage of total count
                 A         B        C        D         E       F
            +---------+---------+-------+---------+---------+-------
      Total |      45 |      12 |  21.1 |      27 |       4 |  12.9
            +---------+---------+-------+---------+---------+-------
        D:1 |      45 |      12 |  21.1 |      27 |       4 |  12.9
            +---------+---------+-------+---------+---------+-------
